 Dungeon Crawl Stone Soup version 0.31-a0-618-g7ca08c1ff9 (webtiles) character file.

Game seed: 13350677690280112509

42054801 bakla the Conqueror (level 27, 174/174 HPs)
             Began as a Vine Stalker Shapeshifter on Aug 22, 2023.
             Was a High Priest of Wu Jian.
             Escaped with the Orb
             ... and 15 runes!
             The game lasted 02:57:32 (34589 turns).

bakla the Conqueror (Vine Stalker Shapeshifter)    Turns: 34589, Time: 02:57:33

Health: 174/174    AC: 28    Str: 26    XL:     27
Magic:  36/36      EV: 36    Int:  9    God:    Wu Jian [*****.]
Gold:   3542       SH:  0    Dex: 24    Spells: 40/42 levels left

rFire   + + .        b - +10 pair of quick blades "Gyre" and "Gimble" {protect}
rCold   + . .        (shield currently unavailable)
rNeg    . . .        I - +8 faerie dragon scales {rCorr Int+2 Stlth+}
rPois   .            X - +0 helmet of Marbles {Will+ Stlth+}
rElec   .            S - scarf {rC+ rF+}
rCorr   +            l - +2 pair of gloves
SInv    .            Y - +2 pair of boots {Fly}
Will    ++++.        P - amulet of regeneration
Stlth   ++++         c - +5 ring of evasion
HPRegen 2.09/turn    d - ring of protection from fire
MPRegen 0.25/turn

%: guardian spirit
@: flying
A: fangs 3, regeneration 1, magic shield, antimagic bite, no potion heal 2,
camouflage 1, strong 1
0: Orb of Zot
}: 15/15 runes: barnacled, slimy, silver, golden, iron, obsidian, icy, bone,
abyssal, demonic, glowing, magical, fiery, dark, gossamer
a: Renounce Religion, Wall Jump, Serpent's Lash, Heavenly Storm


You escaped.
You worshipped Wu Jian.
Wu Jian was extremely pleased with you.
You visited 18 branches of the dungeon, and saw 88 of its levels.
You visited Pandemonium 2 times, and saw 13 of its levels.
You visited the Abyss 2 times.
You also visited: Ossuary and Ice Cave.

You collected 5535 gold pieces.
You spent 1993 gold pieces at shops.

Inventory:

Hand Weapons
 b - the +10 pair of quick blades "Gyre" and "Gimble" (weapon) {protect}
   (You found it on level 4 of the Shoals)
Missiles
 t - 5 throwing nets
 B - 5 curare-tipped darts
Armour
 l - a +2 pair of gloves (worn)
 n - a +8 chain mail of ponderousness
 E - a +2 cloak
 F - a scarf of repulsion
 I - the +8 faerie dragon scales (worn) {rCorr Int+2 Stlth+}
   (You took it off the Enchantress on level 1 of the Depths)

   Int+2:     It affects your intelligence (+2).
   rCorr:     It protects you from acid and corrosion.
   Stlth+:    It makes you more stealthy.
 S - a scarf of resistance (worn)
 X - the +0 helmet of Marbles (worn) {Will+ Stlth+}
   (You bought it in a shop on level 10 of the Dungeon)

   Will+:     It increases your willpower.
   Stlth+:    It makes you more stealthy.
 Y - a +2 pair of boots of flying (worn)
Jewellery
 c - a +5 ring of evasion (left hand)
 d - a ring of protection from fire (right hand)
 h - an amulet of reflection
 J - a +4 ring of protection
 O - a ring of protection from cold
 P - an amulet of regeneration (around neck)
 Q - the ring of Duextao {rElec rC+ MP+9}
   (You found it on level 3 of the Tomb of the Ancients)

   [ring of magical power]

   rC+:       It protects you from cold.
   rElec:     It insulates you from electricity.
   MP+9:      It affects your magic capacity (+9).
 W - the ring of Tewnesyo {Wiz rPois Will+ MP+9}
   (You found it on level 3 of the Crypt)

   [ring of wizardry]

   Wiz:       It improves your spell success rate.
   rPois:     It protects you from poison Will+: It increases your willpower.
   MP+9:      It affects your magic capacity (+9).
Talismans
 Z - a talisman of death
Wands
 j - a wand of light (58)
 q - a wand of iceblast (26)
 M - a wand of digging (10)
 V - a wand of mindburst (9)
Scrolls
 i - 7 scrolls of vulnerability
 k - 9 scrolls of amnesia
 u - 3 scrolls of blinking
 w - 4 scrolls of fear
 x - 4 scrolls of fog
 y - 3 scrolls of poison
 H - 6 scrolls of enchant weapon
 L - 12 scrolls of teleportation
 R - 5 scrolls of immolation
 T - 5 scrolls of enchant armour
Potions
 a - 3 potions of invisibility
 e - 13 potions of curing
 f - 6 potions of cancellation
 g - 8 potions of mutation
 o - 7 potions of enlightenment
 r - 8 potions of ambrosia
 s - 6 potions of resistance
 v - 4 potions of might
 A - 5 potions of magic
 C - 11 potions of brilliance
 D - 3 potions of berserk rage
 G - 8 potions of attraction
 U - 8 potions of lignification
Miscellaneous
 m - a phantom mirror
 p - a figurine of a ziggurat
 K - a box of beasts
 N - a condenser vane


   Skills:
 O Level 27 Fighting
 - Level 14.0 Short Blades
 + Level 17.7 Armour
 + Level 21.9 Dodging
 - Level 20.1 Stealth
 - Level 16.8 Unarmed Combat
 - Level 8.1 Spellcasting
 - Level 8.0 Transmutations
 + Level 13.9 Evocations
 - Level 23.0 Shapeshifting


You had 40 spell levels left.
You knew the following spells:

 Your Spells              Type           Power      Damage    Failure   Level
a - Wereblood             Tmut           18%        N/A       1%          2

Your spell library contained the following spells:

 Spells                   Type           Power      Damage    Failure   Level
 Passwall                 Tmut/Erth      8%         N/A       6%          2
 Kiss of Death            Conj/Necr      12%        2d6       21%         1
 Magic Dart               Conj           12%        1d3       21%         1
 Necrotise                Necr           12%        1d4       21%         1
 Sandblast                Erth           6%         2d5       21%         1
 Shock                    Conj/Air       12%        1d3       21%         1
 Slow                     Hex            12%        N/A       21%         1
 Summon Small Mammal      Summ           12%        N/A       21%         1
 Ignite Poison            Fire/Tmut/Pois 8%         N/A       21%         3
 Call Imp                 Summ           6%         N/A       30%         2
 Cigotuvi's Dreadful Rot  Necr/Pois/Air  6%         N/A       30%         2
 Ensorcelled Hibernation  Hex/Ice        6%         N/A       30%         2
 Searing Ray              Conj           6%         2d4       30%         2
 Sublimation of Blood     Necr           3%         N/A       30%         2
 Petrify                  Tmut/Erth      10%        N/A       36%         4
 Call Canine Familiar     Summ           3%         N/A       52%         3
 Dazzling Flash           Conj/Hex       6%         N/A       52%         3
 Frozen Ramparts          Ice            6%         1d1       52%         3
 Gell's Gravitas          Tloc           3%         N/A       52%         3
 Hailstorm                Conj/Ice       3%         3d3       52%         3
 Inner Flame              Hex/Fire       3%         N/A       52%         3
 Mephitic Cloud           Conj/Pois/Air  3%         N/A       52%         3
 Ozocubu's Armour         Ice            3%         N/A       52%         3
 Portal Projectile        Hex/Tloc       6%         N/A       52%         3
 Stone Arrow              Conj/Erth      6%         3d7       52%         3
 Summon Guardian Golem    Hex/Summ       3%         N/A       52%         3
 Swiftness                Air            3%         N/A       52%         3
 Teleport Other           Tloc           3%         N/A       52%         3
 Tukima's Dance           Hex            3%         N/A       52%         3
 Vampiric Draining        Necr           3%         2d6       52%         3
 Volatile Blastmotes      Fire/Tloc      6%         2d10      52%         3
 Irradiate                Conj/Tmut      5%         3d13      71%         5
 Yara's Violent Unravell  Hex/Tmut       5%         3d4       71%         5
 Airstrike                Air            1%         2d(1-17)  89%         4
 Animate Armour           Summ/Erth      6%         N/A       89%         4
 Animate Dead             Necr           3%         N/A       89%         4
 Cause Fear               Hex            1%         N/A       89%         4
 Fulminant Prism          Conj/Hex       1%         3d5       89%         4
 Iskenderun's Mystic Bla  Conj/Tloc      3%         2d3       89%         4
 Leda's Liquefaction      Hex/Erth       1%         N/A       89%         4
 Manifold Assault         Tloc           3%         N/A       89%         4
 Passage of Golubria      Tloc           3%         N/A       89%         4
 Summon Ice Beast         Ice/Summ       3%         N/A       89%         4
 Summon Lightning Spire   Summ/Air       3%         N/A       89%         4
 Agony                    Necr           3%         N/A       99%         5
 Borgnjor's Vile Clutch   Necr/Erth      1%         N/A       99%         5
 Fireball                 Conj/Fire      1%         3d3       99%         5
 Freezing Cloud           Conj/Ice/Air   1%         6-21      99%         5
 Lee's Rapid Deconstruct  Erth           1%         3d4*      99%         5
 Metabolic Englaciation   Hex/Ice        1%         N/A       99%         5
 Summon Mana Viper        Hex/Summ       3%         N/A       99%         5
 Death Channel            Necr           1%         N/A       100%        6
 Dispersal                Tloc           1%         N/A       100%        6
 Leda's Unmaking          Conj/Erth      1%         9d1       100%        6
 Simulacrum               Ice/Necr       1%         N/A       100%        6
 Starburst                Conj/Fire      1%         6d3       100%        6
 Malign Gateway           Summ/Tloc      1%         N/A       100%        7
 Orb of Destruction       Conj           1%         9d5       100%        7
 Ozocubu's Refrigeration  Ice            1%         4d7       100%        7
 Spellforged Servitor     Conj/Summ      1%         N/A       100%        7
 Summon Hydra             Summ           1%         N/A       100%        7
 Borgnjor's Revivificati  Necr           1%         N/A       100%        8
 Discord                  Hex            1%         N/A       100%        8
 Disjunction              Tloc           1%         N/A       100%        8
 Infestation              Necr           1%         N/A       100%        8
 Maxwell's Capacitive Co  Air            1%         ∞         100%        8
 Summon Horrible Things   Summ           1%         N/A       100%        8
 Dragon's Call            Summ           1%         N/A       100%        9
 Shatter                  Erth           1%         3d6*      100%        9


Dungeon Overview and Level Annotations

Branches:
Dungeon (15/15)            Temple (1/1) D:6            Lair (5/5) D:10
 Shoals (4/4) Lair:3       Spider (4/4) Lair:3        Slime (5/5) Lair:5
    Orc (2/2) D:10            Elf (3/3) Orc:2        Vaults (5/5) D:13
  Crypt (3/3) Vaults:2       Tomb (3/3) Crypt:3      Depths (4/4) D:15
   Hell (visited)             Dis (7/7) Hell            Geh (7/7) Hell
    Coc (7/7) Hell            Tar (7/7) Hell            Zot (5/5) Depths:4
Ossuary (visited)           IceCv (visited)

Altars:
Ashenzari
Cheibriados
Dithmenos
Elyvilon
Fedhas
Gozag
Hepliaklqana
Kikubaaqudgha
Makhleb
Nemelex Xobeh
Okawaru
Qazlal
Ru
Sif Muna
Trog
Uskayaw
Vehumet
Wu Jian
Xom
Yredelemnul
Zin
The Shining One
Jiyva

Shops:
D:2 [   D:7 [   D:8 [([   D:10 [   D:12 *   Orc:2 =**[*![   Elf:2 =   Elf:3 *
Shoals:1 *   Vaults:1 [   Vaults:2 (   Depths:1 :

Portals:
Hell: Depths:1 Depths:2 Depths:4
Pandemonium: Depths:2
Ziggurat: Depths:4

Annotations:
D:9 exclusion: statue
D:12 1 runed translucent door
Lair:4 exclusion: oklob plant
Elf:2 3 runed translucent doors
Coc:7 exclusion: ice statue
Zot:4 1 transporter


Innate Abilities, Weirdness & Mutations

You have razor-sharp teeth.
Your natural rate of healing is unusually fast.
When hurt, damage is shared between your health and your magic reserves.
Your bite disrupts and absorbs the magic of your enemies.
Potions cannot restore your health.
Your skin changes colour to match your surroundings (Stealth+).
Your muscles are strong. (Str +4, Int/Dex -1)


Message History

You bite the ice devil, but do no damage.
You hit the ice devil. x2; You hit the ice devil but do no damage.
The ice devil is heavily wounded.
The ice devil misses you.
Unknown command.
Unknown command.
You hit the ice devil but do no damage. You bite the ice devil!
You drain its power.
You feel invigorated.
You hit the ice devil but do no damage. You bite the ice devil!
You kill the ice devil!
The Council accepts your kill.
Unknown command.
There is a stone staircase leading up here.
You fly upwards.
There is a stone staircase leading down here.
There is a stone staircase leading up here.
You fly upwards.
There is a stone staircase leading down here.
What level of the Dungeon? (default 1, ? - help)
Your extra speed is starting to run out.
There is a stone staircase leading up here.
You fly upwards.
There is a stone staircase leading down here.
You feel yourself slow down.
You see here a +0 club.
There is a stone staircase leading up here.
You fly upwards.
There is a stone staircase leading down here.
A reaper comes into view. It is wielding a +1 scythe of freezing.
The reaper moves out of view.
There is a stone staircase leading up here.
You fly upwards.
There is a stone staircase leading down here.
What level of the Dungeon? (default 1, ? - help) You're already here!
What level of the Dungeon? (default 1, ? - help)
Things that are here:
2 stones; a +0 whip
There is a staircase leading out of the dungeon here.
You have escaped!

≈...≈..#########..#######........
.......##..##.###.#...#.#........
.....#.###.#..#...#.#...#........
..§§.#.##..#.##.###.#####........
....##.##.##.#....#....##........
...###.##......#..#.##..#........
§§.###.#########..#..#####......#
...........#...#.###...#........'
...####..#.#....@....#.#.#......#
#### ####...###.#...#.....######
####..#..###########
#..##.#..#......#
##....#....#.##.#
#####.###.##.#..#
#...#.#...#..#.##
#.#...#.###.##..#
#######..########


There were no monsters in sight!

Vanquished Creatures
  Cerebov (Pan)
  Antaeus (Coc:7)
  Asmodeus (Geh:7)
  the Royal Jelly (Slime:5)
  Ereshkigal (Tar:7)
  Gloorx Vloq (Pan)
  the Serpent of Hell (Dis:7)
  A dread lich (Vaults:5)
  Lom Lobon (Pan)
  Mnoleg (Pan)
  Dispater (Dis:7)
  2 orbs of fire (Zot:5)
  3 ancient liches
  Mara (Depths:1)
  Mennas (Pan)
  3 juggernauts
  30 royal mummies
  Josephina (Crypt:1)
  Parghit (Zot:2)
  Bai Suzhen (Spider:4)
  2 shard shrikes (Coc:5)
  Margery (Crypt:1)
  6 Killer Klowns (Zot:5)
  29 caustic shrikes
  A caustic shrike (shapeshifter) (Zot:2)
  2 golden dragons
  3 pandemonium lords
  the Enchantress (Depths:1)
  Norris (Depths:2)
  Geryon (Hell)
  Arachne (Spider:4)
  6 profane servitors
  19 bone dragons
  9 doom hounds
  3 electric golems
  7 Tzitzimimeh
  3 hellephants
  5 iron giants (Dis:7)
  2 spectral shard shrikes (Tar:2)
  12 Brimstone Fiends
  A shard shrike zombie (Crypt:1)
  5 Ice Fiends
  7 tentacled monstrosities
  4 deep elf blademasters
  8 liches
  Asterion (Depths:1)
  10 Hell Sentinels (Dis:7)
  13 titans
  20 searing wretches
  24 Orb Guardians
  5 death cobs
  9 tainted leviathans
  2 deep elf master archers (Elf:3)
  12 sphinxes
  12 Executioners
  A titan (shapeshifter) (Zot:2)
  3 tentacled starspawn (Abyss:3)
  3 krakens
  An acid blob (shapeshifter) (Zot:2)
  13 acid blobs (Slime:5)
  11 shadow dragons
  28 ancient champions
  A thorn hunter (Abyss:5)
  7 tengu reavers
  Gastronok (Lair:2)
  10 storm dragons
  Donald (Vaults:1)
  17 fire giants
  12 azure jellies
  7 revenants
  An iron dragon (shapeshifter) (Zot:2)
  4 demonspawn warmongers (Pan)
  4 draconian knights
  7 rockslimes (Slime:5)
  9 frost giants
  17 narguns
  5 deep elf sorcerers
  13 vault wardens
  A ghoul (Crypt:1)
  10 quicksilver elementals
  29 balrugs
  2 draconian scorchers (Zot:5)
  5 iron dragons
  2 emperor scorpions (Spider:4)
  2 caustic shrike zombies
  7 shard shrike simulacra
  A spectral juggernaut (Tar:5)
  2 orc warlords
  A draconian stormcaller (Depths:4)
  2 curse skulls (Pan)
  A spectral caustic shrike (Tar:5)
  A caustic shrike skeleton (Tomb:3)
  3 draconian annihilators
  8 deep elf elementalists
  A broodmother (Spider:4)
  7 reapers
  9 ghost moths
  2 demonspawn corrupters (Pan)
  6 spriggan defenders
  An ironbound thunderhulk (Vaults:2)
  11 ironbound preservers
  16 stone giants
  21 war gargoyles
  5 formless jellyfish
  8 very ugly things
  A demonspawn blood saint (Pan)
  15 elemental wellsprings
  9 cacodemons (Pan)
  11 quicksilver oozes
  3 black draconians (Zot:5)
  3 green draconians
  4 bennus (Tomb:3)
  8 deep elf demonologists
  14 deep elf annihilators
  5 demonspawn black suns (Pan)
  12 putrid mouths
  4 vampire knights
  A yellow draconian (Depths:4)
  A red draconian (Zot:4)
  9 lorocyprocas
  A purple draconian (Zot:2)
  3 wendigos
  13 spark wasps
  6 white draconians
  6 blizzard demons
  2 dire elephants (Abyss:5)
  5 deep elf death magi (Elf:3)
  2 merfolk javelineers (Shoals:4)
  12 iron golems
  10 ettins
  7 eidola
  5 jiangshi (Crypt:1)
  8 merfolk impalers
  Snorg (D:10)
  12 green deaths (Pan)
  A spriggan zombie (Crypt:3)
  4 deep elf high priests
  9 spectral spriggans
  A shambling mangrove (Abyss:5)
  21 mummy priests
  A spectral golden dragon (Tar:3)
  5 yaktaur captains
  8 fire dragons
  A spectral fenstrider witch (Tar:1)
  2 entropy weavers (Spider:2)
  12 great orbs of eyes
  A spectral iron giant (Tar:2)
  7 caustic shrike simulacra
  2 ghost crabs (Shoals:3)
  11 salamander tyrants
  3 hell beasts
  2 spriggan air magi
  4 jorogumos (Spider:4)
  6 hydras
  5 ice dragons
  6 catoblepae
  30 vault guards
  A catoblepas (shapeshifter) (Vaults:5)
  7 merfolk aquamancers
  9 ogre magi
  7 rakshasas
  3 merfolk avatars
  3 spriggan skeletons
  A radroach (shapeshifter) (Vaults:5)
  3 alligator snapping turtles
  2 ironbound frosthearts
  9 stokers
  9 boulder beetles
  11 dancing weapons
  A satyr (Shoals:4)
  4 centaur warriors
  56 death scarabs
  18 two-headed ogres
  10 tengu warriors
  4 deep troll earth magi
  4 deep troll shamans
  9 death yaks (Lair:5)
  3 spectral dire elephants
  6 vampire magi
  5 thrashing horrors (Abyss:3)
  24 hell hogs
  12 demonic crawlers
  7 deep elf knights
  42 sun demons
  19 hell knights
  A titan skeleton (Tomb:1)
  4 spriggan berserkers
  A titan zombie (Crypt:3)
  8 skysharks
  5 sun moths (Spider:4)
  11 crystal echidnas
  2 iron trolls
  8 soul eaters
  7 sixfirhies
  18 skeletal warriors
  2 fire crabs
  11 shadow wraiths
  A goliath frog (shapeshifter) (Vaults:5)
  40 deep trolls
  4 pharaoh ants
  10 sea snakes
  A quicksilver dragon simulacrum (Coc:1)
  A bunyip skeleton (Crypt:3)
  7 orb spiders (Spider:4)
  A spectral anaconda (Tar:1)
  7 glowing orange brains
  3 flayed ghosts
  3 bog bodies (Crypt:1)
  A spectral iron dragon (Tar:1)
  2 shadow demons
  3 spriggan simulacra (Coc:2)
  3 anaconda skeletons
  7 deep elf archers
  9 ironbound convokers
  A steelbarb worm (Spider:3)
  A harpy (shapeshifter) (D:15)
  6 lindwurms
  19 harpies
  5 phantasmal warriors
  26 deep elf pyromancers
  6 necromancers
  11 wizards
  14 orc knights
  27 ugly things
  10 deep elf zephyrmancers
  3 shining eyes
  21 starcursed masses
  4 orc sorcerers
  12 wolf spiders
  A fire giant zombie (Depths:1)
  A shadow dragon skeleton (Crypt:3)
  5 cyclopes
  An iron dragon skeleton (Crypt:3)
  A spectral ettin (Tar:3)
  10 fauns
  15 manticores
  12 moths of wrath
  4 worldbinders (Abyss:5)
  3 rust devils
  8 water nymphs
  7 black mambas
  2 stone giant skeletons
  23 elephants
  11 merfolk sirens
  4 ice statues
  An eye of devastation (Pan)
  6 molten gargoyles (Geh:7)
  11 vault sentinels
  3 titan simulacra
  12 smoke demons
  2 cane toads (shapeshifter)
  A naga skeleton (Crypt:3)
  3 torpor snails
  2 water nymphs (shapeshifter)
  5 gargoyles
  A spectral sea snake (Shoals:3)
  15 orange demons
  3 unseen horrors
  2 centaur skeletons (Pan)
  An eye of devastation (shapeshifter) (Depths:2)
  23 hellions
  Jeremiah (D:6)
  10 cane toads
  3 rime drakes
  18 yaktaurs
  6 komodo dragons
  2 bunyip simulacra
  A komodo dragon (shapeshifter) (D:15)
  7 anaconda simulacra
  4 efreet
  12 freezing wraiths
  3 ice devils
  5 spectral nagas
  A sea snake skeleton (Hell)
  A tengu conjurer (Depths:2)
  2 kobold demonologists
  11 tormentors
  A harpy zombie (Crypt:3)
  4 red devils
  5 spectral harpies
  3 ancient zymes (Abyss:3)
  38 guardian mummies
  A golden dragon simulacrum (Coc:7)
  A silent spectre (Tar:1)
  8 trolls
  A human skeleton (Vaults:1)
  A hydra zombie (Hell)
  30 merfolk
  A polar bear (shapeshifter) (D:11)
  4 polar bears
  14 tarantellas
  A tarantella (shapeshifter) (D:10)
  9 wind drakes
  6 hornets
  7 hellwings
  Prince Ribbit (D:5)
  3 harpy skeletons
  13 raiju
  A fire dragon zombie (Tomb:2)
  2 iron dragon simulacra
  2 alligator simulacra (IceCv)
  3 spectral merfolk (Shoals:3)
  8 blink frogs
  A raiju (shapeshifter) (Elf:3)
  7 snapping turtles
  2 dream sheep (shapeshifter)
  6 dream sheep
  42 slime creatures
  8 jumping spiders
  A stone giant simulacrum (Coc:2)
  20 flying skulls
  A frost giant simulacrum (Depths:1)
  A fire dragon skeleton (Pan)
  A centaur simulacrum (Coc:2)
  6 culicivoras
  21 water elementals
  2 shadows (D:11)
  10 wraiths
  3 wyverns
  6 spriggans (Depths:1)
  79 yaks
  6 ynoxinuls
  An ettin skeleton (Crypt:3)
  25 ushabtiu
  2 vampires
  An unseen horror simulacrum (D:10)
  2 air elementals
  6 basilisks
  22 redbacks
  4 dire elephant simulacra
  A black mamba skeleton (Pan)
  3 golden eyes
  2 fire elementals (Elf:1)
  10 vampire mosquitoes
  3 wargs
  3 chaos spawn
  17 neqoxecs
  Menkaure (Ossuary)
  20 large abominations
  Edmund (D:4)
  2 spectral snapping turtles (Shoals:3)
  5 acid dragons
  18 harpy simulacra
  9 water moccasins
  A deep troll skeleton (Crypt:3)
  A glowing shapeshifter skeleton (Depths:1)
  7 hell hounds
  A floating eye (Pan)
  A floating eye (shapeshifter) (Vaults:5)
  A hydra simulacrum (Hell)
  11 orc warriors
  13 ice beasts
  3 black bears
  A black mamba simulacrum (Crypt:1)
  27 ogres
  3 sky beasts
  2 ettin simulacra
  A boggart (D:10)
  21 wolves
  7 centaurs
  2 phantoms
  2 kobold brigands
  6 small abominations
  Blork the orc (D:5)
  17 bullfrogs
  A deep troll simulacrum (Crypt:1)
  A cyclops zombie (Crypt:2)
  2 earth elementals
  4 naga simulacra
  A necrophage (Crypt:1)
  2 scorpions
  3 wights (Abyss:2)
  A human simulacrum (Vaults:1)
  5 killer bees (D:9)
  2 lindwurm simulacra (IceCv)
  6 howler monkeys
  An electric eel (Lair:4)
  3 centaur zombies (Ossuary)
  5 jellies
  Crazy Yiuf (D:4)
  A human zombie (Ossuary)
  2 hounds
  A gnoll bouda (D:8)
  4 iguanas
  5 orc priests
  A basilisk skeleton (Crypt:1)
  A sleepcap (D:5)
  Ijyb (D:5)
  4 hell rats (Lair:1)
  17 orc wizards
  2 ogre zombies (Ossuary)
  58 mummies
  11 adders
  3 gnolls (D:8)
  3 white imps
  2 ufetubi (Abyss:3)
  An adder zombie (Ossuary)
  2 worms
  3 dart slugs
  45 orcs
  3 bats
  15 endoplasms
  4 giant cockroaches
  4 hobgoblins
  16 kobolds
  6 ball pythons
  2 frilled lizards
  A gnoll zombie (Ossuary)
  6 goblins
  8 goblin zombies (Ossuary)
  4 hobgoblin zombies (Ossuary)
  A jackal zombie (D:6)
  3 kobold zombies (Ossuary)
  4 quokka zombies (Ossuary)
  A rat (D:2)
  3 rat zombies (Ossuary)
  2 creeping infernos
  6 fire vortices
  2 starspawn tentacles (Abyss:3)
  8 tentacles
2880 creatures vanquished.

Vanquished Creatures (others)
  An eldritch tentacle (Pan)
  A balrug (Geh:2)
  A reaper (Hell)
  A yaktaur captain (Vaults:5)
  A spriggan simulacrum (Coc:2)
  A freezing wraith (Coc:7)
  A tarantella (Spider:4)
  An iron dragon simulacrum (Coc:2)
  2 harpy simulacra (Coc:7)
  A creeping inferno (Hell)
  A fire vortex (Geh:5)
  2 starspawn tentacles (Abyss:3)
  8 tentacles
22 creatures vanquished.

Grand Total: 2902 creatures vanquished

Notes
Turn   | Place    | Note
-------+----------+-------------------------------------------
     0 | D:1      | bakla the Vine Stalker Shapeshifter began the quest for the
                  | Orb.
     0 | D:1      | Reached XP level 1. HP: 9/9 MP: 2/2
   156 | D:1      | Reached skill level 1 in Fighting
   336 | D:1      | Reached XP level 2. HP: 14/14 MP: 1/3
   856 | D:2      | Found Qaras Ysai's Antique Armour Emporium.
  1011 | D:2      | Reached XP level 3. HP: 18/18 MP: 4/4
  1181 | D:2      | Reached skill level 2 in Fighting
  1204 | D:2      | Gained mutation: Your natural rate of healing is unusually
                  | fast. [Vine Stalker growth]
  1204 | D:2      | Reached XP level 4. HP: 18/23 MP: 5/5
  1860 | D:3      | Noticed a phantom
  1875 | D:3      | Killed a phantom
  1876 | D:3      | Reached XP level 5. HP: 28/28 MP: 2/6
  2021 | D:3      | Found a faded altar of an unknown god.
  2184 | D:4      | Noticed a phantom
  2195 | D:4      | Killed a phantom
  2196 | D:4      | Reached skill level 3 in Fighting
  2196 | D:4      | Reached XP level 6. HP: 32/32 MP: 7/7
  2219 | D:4      | Noticed Edmund
  2233 | D:4      | Killed Edmund
  2439 | D:4      | Found a shadowy altar of Dithmenos.
  2502 | D:4      | You fall into a shaft and drop 1 floor!
  2502 | D:5      | Entered Level 5 of the Dungeon
  2522 | D:5      | Noticed a black bear
  2528 | D:5      | Reached skill level 5 in Unarmed Combat
  2528 | D:5      | Reached XP level 7. HP: 34/37 MP: 6/8
  2534 | D:5      | Reached skill level 4 in Fighting
  2534 | D:5      | Reached skill level 5 in Shapeshifting
  2728 | D:5      | Noticed Ijyb
  2746 | D:5      | Killed Ijyb
  2802 | D:5      | Noticed Prince Ribbit
  2812 | D:5      | HP: 1/38 [Prince Ribbit (13)]
  3155 | D:4      | Found a runed translucent door.
  3156 | D:4      | Noticed Crazy Yiuf
  3305 | D:5      | Gained mutation: You have razor-sharp teeth. [Vine Stalker
                  | growth]
  3305 | D:5      | Reached XP level 8. HP: 33/42 MP: 7/9
  3317 | D:5      | Reached skill level 5 in Fighting
  3502 | D:5      | Noticed Blork the orc
  3511 | D:5      | Killed Blork the orc
  3671 | D:5      | Killed Prince Ribbit
  3758 | D:6      | Found a sand-covered staircase.
  3767 | Ossuary  | Entered an ossuary
  4022 | Ossuary  | Noticed Menkaure
  4042 | Ossuary  | Reached XP level 9. HP: 45/48 MP: 7/10
  4050 | Ossuary  | Killed Menkaure
  4051 | Ossuary  | Reached skill level 6 in Fighting
  4339 | D:6      | Noticed Jeremiah
  4446 | D:6      | Killed Jeremiah
  4468 | D:6      | Identified the +4 whip "Ogiuwnuj" {freeze, Int+4}
  4612 | D:6      | Found a staircase to the Ecumenical Temple.
  4621 | Temple   | Entered the Ecumenical Temple
  4634 | Temple   | Became a worshipper of the Wu Jian Council
  4894 | D:6      | Found a hazy altar of Hepliaklqana.
  5066 | D:7      | Found a blossoming altar of Fedhas.
  5143 | D:7      | Reached skill level 7 in Fighting
  5189 | D:7      | Found a bloodstained altar of Trog.
  5190 | D:7      | Found a hide-covered altar of Uskayaw.
  5219 | D:7      | Noticed a troll
  5229 | D:7      | Killed a troll
  5404 | D:7      | Found Zoesm's Armour Boutique.
  5570 | D:2      | Bought an encrusted leather armour for 154 gold pieces
  5570 | D:2      | Identified the +1 leather armour of Objectivity {rPois}
                  | (You bought it in a shop on level 2 of the Dungeon)
  5570 | D:2      | Bought a runed chain mail for 165 gold pieces
  5677 | D:4      | Killed Crazy Yiuf
  5678 | D:4      | Reached XP level 10. HP: 51/55 MP: 11/11
  5883 | D:7      | Found a shimmering altar of Xom.
  6135 | D:8      | Identified the +5 ring mail "Gatsente" {rF- Str+4 Int+3}
  6196 | D:8      | Found a transporter.
  6200 | D:8      | Found Jaroz's Armour Shop.
  6202 | D:8      | Found a transporter.
  6250 | D:8      | Found Nateonae's Antique Weapon Shoppe.
  6258 | D:8      | Noticed a two-headed ogre
  6265 | D:8      | Killed a two-headed ogre
  6265 | D:8      | Reached * piety under Wu Jian
  6704 | D:8      | Found Wunownogg's Antique Armour Shop.
  6969 | D:9      | Reached skill level 5 in Dodging
  7063 | D:9      | Reached skill level 8 in Fighting
  7172 | D:9      | Reached ** piety under Wu Jian
  7216 | D:9      | Found a radiant altar of Vehumet.
  7363 | D:9      | Found a stormy altar of Qazlal.
  7572 | D:10     | Entered Level 10 of the Dungeon
  7641 | D:10     | Reached XP level 11. HP: 56/60 MP: 12/12
  7680 | D:10     | Noticed Snorg
  7698 | D:10     | Killed Snorg
  7699 | D:10     | Reached skill level 9 in Fighting
  7699 | D:10     | Reached skill level 10 in Unarmed Combat
  7794 | D:10     | Found a staircase to the Lair.
  7854 | D:10     | Noticed an orc knight
  7870 | D:10     | Killed an orc knight
  7881 | D:10     | Found Muntad's Armour Shoppe.
  7881 | D:10     | Found a staircase to the Orcish Mines.
  7898 | D:10     | Noticed an orc knight
  7909 | D:10     | Killed an orc knight
  8268 | D:10     | Noticed a deep elf pyromancer
  8269 | D:10     | Noticed a deep elf pyromancer
  8271 | D:10     | Noticed a cyan ugly thing
  8272 | D:10     | Noticed a rakshasa
  8273 | D:10     | Killed a deep elf pyromancer
  8275 | D:10     | Reached *** piety under Wu Jian
  8288 | D:10     | Killed a purple ugly thing
  8289 | D:10     | Reached skill level 10 in Fighting
  8296 | D:10     | Killed a rakshasa
  8300 | D:10     | Killed a deep elf pyromancer
  8322 | D:10     | Noticed a fire crab
  8328 | D:10     | Killed a fire crab
  8329 | D:10     | Reached XP level 12. HP: 64/68 MP: 13/13
  8349 | D:10     | Noticed a centaur warrior
  8356 | D:10     | Killed a centaur warrior
  8520 | D:8      | Bought an ichor-stained scarf for 300 gold pieces
  8520 | D:8      | Identified the scarf "Mez Hox" {harm, Int+3} (You bought it
                  | in a shop on level 8 of the Dungeon)
  8563 | Lair:1   | Entered Level 1 of the Lair of Beasts
  9009 | Lair:1   | Reached **** piety under Wu Jian
  9026 | Lair:1   | Reached skill level 11 in Fighting
  9360 | Lair:2   | Noticed Gastronok
  9373 | Lair:2   | Killed Gastronok
  9564 | Lair:2   | Reached skill level 1 in Armour
  9663 | Lair:2   | Reached XP level 13. HP: 69/74 MP: 14/14
 10404 | Lair:3   | Found a staircase to the Shoals.
 10466 | Lair:3   | Identified the +7 flail of Experimentation {antimagic, Fly
                  | rPois Int-5 Dex+8}
 10659 | Lair:3   | Found a hole to the Spider Nest.
 10986 | Lair:4   | Reached skill level 12 in Fighting
 10998 | Lair:4   | Reached ***** piety under Wu Jian
 11266 | Lair:4   | Reached skill level 10 in Dodging
 11986 | Lair:5   | Entered Level 5 of the Lair of Beasts
 12012 | Lair:5   | Reached XP level 14. HP: 67/81 MP: 15/15
 12077 | Lair:5   | Reached skill level 5 in Armour
 12264 | Lair:5   | Reached skill level 13 in Fighting
 12395 | Lair:5   | Found a viscous altar of Jiyva.
 12395 | Lair:5   | Found a staircase to the Slime Pits.
 12679 | Lair:5   | Reached ****** piety under Wu Jian
 12766 | Lair:5   | Identified the +6 hand axe of Xesh {freeze, rElec rPois rF-
                  | rN++}
 13303 | D:10     | Bought the +0 helmet of Marbles {Will+ Stlth+} for 238 gold
                  | pieces
 13303 | D:10     | Bought a +2 pair of boots of flying for 258 gold pieces
 13440 | Shoals:1 | Entered Level 1 of the Shoals
 13464 | Shoals:1 | Reached skill level 15 in Unarmed Combat
 13490 | Shoals:1 | Found Imowk's General Store.
 13522 | Shoals:1 | Reached XP level 15. HP: 54/87 MP: 16/16
 13746 | Shoals:1 | Reached skill level 14 in Fighting
 13977 | Shoals:1 | Noticed a kraken
 13987 | Shoals:1 | Killed a kraken
 14323 | Shoals:2 | Found a frozen archway.
 14349 | IceCv    | Entered an ice cave
 14350 | IceCv    | Found the +4 skin of Zhor {*Englaciate rC+++ SInv}
 14359 | IceCv    | Found a transporter.
 14368 | IceCv    | Found a transporter.
 14491 | Shoals:2 | Noticed a kraken
 14499 | Shoals:2 | Killed a kraken
 14914 | Shoals:2 | Gained mutation: You are agile. (Dex +4, Str/Int -1)
                  | [potion of mutation]
 14914 | Shoals:2 | Gained mutation: Armour fits poorly on your strangely
                  | shaped body. [potion of mutation]
 14915 | Shoals:2 | Lost mutation: You are agile. (Dex +4, Str/Int -1) [potion
                  | of mutation]
 14915 | Shoals:2 | Lost mutation: Armour fits poorly on your strangely shaped
                  | body. [potion of mutation]
 14915 | Shoals:2 | Gained mutation: Your spells are a little harder to cast,
                  | but a little more powerful. [potion of mutation]
 14915 | Shoals:2 | Gained mutation: Your flesh is cold resistant. (rC+)
                  | [potion of mutation]
 14915 | Shoals:2 | Gained mutation: Your body sometimes deteriorates upon
                  | taking damage. [potion of mutation]
 15019 | Shoals:3 | Reached XP level 16. HP: 79/93 MP: 17/17
 15029 | Shoals:3 | Noticed a kraken
 15038 | Shoals:3 | Killed a kraken
 15039 | Shoals:3 | Reached skill level 15 in Fighting
 15142 | Shoals:4 | Entered Level 4 of the Shoals
 15312 | Shoals:4 | Reached skill level 10 in Armour
 15321 | Shoals:4 | Found the +10 pair of quick blades "Gyre" and "Gimble"
                  | {protect}
 15453 | Shoals:4 | Reached skill level 1 in Short Blades
 15530 | Shoals:4 | Got a barnacled rune of Zot
 15543 | Shoals:4 | Reached skill level 16 in Fighting
 15874 | Spider:1 | Entered Level 1 of the Spider Nest
 16150 | Spider:3 | Reached XP level 17. HP: 95/101 MP: 18/18
 16167 | Spider:4 | Entered Level 4 of the Spider Nest
 16174 | Spider:4 | Reached skill level 5 in Short Blades
 16238 | Spider:4 | Noticed Bai Suzhen
 16257 | Spider:4 | HP: 1/95 [Bai Suzhen/torrent of water (19)]
 16266 | Spider:4 | Killed Bai Suzhen
 16322 | Spider:4 | Noticed Arachne
 16332 | Spider:4 | Killed Arachne
 16408 | Spider:4 | Reached skill level 17 in Fighting
 16646 | Spider:4 | Got a gossamer rune of Zot
 16845 | Orc:1    | Entered Level 1 of the Orcish Mines
 17196 | Orc:2    | Entered Level 2 of the Orcish Mines
 17212 | Orc:2    | Found Halehir's Antique Armour Shoppe.
 17212 | Orc:2    | Found Veuruv's General Store.
 17221 | Orc:2    | Found Ossoloiv's Distillery.
 17221 | Orc:2    | Found Hicsymya's Armour Emporium.
 17245 | Orc:2    | Bought a faintly humming chain mail for 294 gold pieces
 17245 | Orc:2    | Identified the +4 chain mail of Vehumet's Inspiration {+Inv
                  | rElec} (You bought it in a shop on level 2 of the Orcish
                  | Mines)
 17248 | Orc:2    | Bought a potion of might for 52 gold pieces
 17248 | Orc:2    | Bought a potion of might for 52 gold pieces
 17339 | Orc:2    | Found Kenoischimm's Jewellery Boutique.
 17377 | Orc:2    | Found a staircase to the Elven Halls.
 17513 | Orc:2    | Found Zustruset's General Store.
 17513 | Orc:2    | Found Ekoufurhot's Specific Store.
 17650 | Elf:1    | Entered Level 1 of the Elven Halls
 17655 | Elf:1    | Reached XP level 18. HP: 109/109 MP: 19/19
 17739 | Elf:2    | Paralysed by an air elemental for 1 turns
 17740 | Elf:2    | Reached skill level 18 in Fighting
 17934 | Elf:2    | Found Hatuj's Jewellery Shop.
 18066 | Elf:2    | Found a runed translucent gate.
 18066 | Elf:2    | Found a runed translucent gate.
 18066 | Elf:2    | Found a runed translucent gate.
 18189 | Elf:3    | Entered Level 3 of the Elven Halls
 18235 | Elf:3    | Reached skill level 10 in Short Blades
 18437 | Elf:3    | Identified the +1 leather armour "Ruwkuxeo" {-Tele rC+
                  | Str+3}
 18460 | Elf:3    | Noticed a deep elf master archer
 18463 | Elf:3    | Noticed a deep elf blademaster
 18466 | Elf:3    | Killed a deep elf blademaster
 18466 | Elf:3    | Killed a deep elf master archer
 18467 | Elf:3    | Noticed a deep elf master archer
 18467 | Elf:3    | Noticed a deep elf blademaster
 18470 | Elf:3    | Killed a deep elf blademaster
 18472 | Elf:3    | Identified the +7 war axe of Lorauhaj {flame, Int+3 Dex+3}
 18480 | Elf:3    | Killed a deep elf master archer
 18506 | Elf:3    | Reached skill level 19 in Fighting
 18525 | Elf:3    | Identified the +6 arbalest "Impslayer" {freeze, rElec Str-3
                  | Int+7 Dex-5}
 18549 | Elf:3    | Identified the +0 ring mail of Zasan {Dex+3}
 18679 | Elf:3    | Paralysed by an air elemental for 1 turns
 18708 | Elf:3    | Found Hoyrud's General Store.
 18932 | Elf:1    | Noticed a Hell Sentinel
 18961 | Elf:1    | Reached XP level 19. HP: 56/116 MP: 20/20
 19315 | D:11     | Learned a level 2 spell: Wereblood
 19818 | D:11     | Reached skill level 1 in Spellcasting
 19818 | D:11     | Reached skill level 1 in Transmutations
 20237 | D:12     | Identified the +4 ring mail of Exclusion {rC+ Str+3}
 20396 | D:12     | Found Zoatrun's Changing Room.
 20422 | D:12     | Bought a potion of mutation for 120 gold pieces
 20422 | D:12     | Bought 2 potions of mutation for 240 gold pieces
 20422 | D:12     | Bought a potion of mutation for 120 gold pieces
 20566 | D:12     | Found a runed translucent door.
 20662 | D:12     | Found a basalt altar of Yredelemnul.
 20747 | D:13     | Found a sparkling altar of Nemelex Xobeh.
 21293 | D:13     | Found a gate to the Vaults.
 21306 | Vaults:1 | Entered Level 1 of the Vaults
 21312 | Vaults:1 | Noticed Donald
 21325 | Vaults:1 | Killed Donald
 21390 | Vaults:1 | Found Soh Qapt's Armour Boutique.
 21928 | Vaults:2 | Reached skill level 20 in Fighting
 21975 | Vaults:2 | Reached XP level 20. HP: 123/123 MP: 25/25
 22021 | Vaults:2 | You are sucked into a shaft and drop 1 floor!
 22074 | Vaults:3 | Identified 2 scrolls of acquirement
 22074 | Vaults:3 | Acquired a manual of Dodging
 22075 | Vaults:3 | Acquired 284 gold pieces
 22154 | Vaults:5 | Entered Level 5 of the Vaults
 22204 | Vaults:5 | Reached skill level 5 in Spellcasting
 22204 | Vaults:5 | Reached skill level 5 in Transmutations
 22243 | Vaults:5 | Acquired 288 gold pieces
 22370 | Vaults:5 | Identified the +8 orcbow of Gin and Tonic {elec, Contam Fly
                  | rElec Dex+3}
 22388 | Vaults:5 | Reached skill level 10 in Shapeshifting
 22435 | Vaults:5 | Got the Secrets of Transmuted Topomancy
 22437 | Vaults:5 | Got the Exposition on Invitation and the Fjord
 22527 | Vaults:5 | Paralysed by a floating eye for 4 turns
 22551 | Vaults:5 | Identified the +1 morningstar of Ashenzari's Reproof
                  | {protect, Will+ Str+4}
 22551 | Vaults:5 | Noticed a dread lich
 22558 | Vaults:5 | Killed a dread lich
 22559 | Vaults:5 | Reached XP level 21. HP: 128/128 MP: 32/32
 22613 | Vaults:5 | Found the +12 glaive of Prune {freeze, Prune}
 22906 | Vaults:5 | Got a silver rune of Zot
 23406 | D:15     | Entered Level 15 of the Dungeon
 23578 | D:15     | Found a staircase to the Depths.
 23608 | Depths:1 | Entered Level 1 of the Depths
 23609 | Depths:1 | Noticed Asterion
 23615 | Depths:1 | Killed Asterion
 23621 | Depths:1 | Noticed Mara
 23629 | Depths:1 | Found a gateway to Hell.
 23629 | Depths:1 | Killed Mara
 23647 | Depths:1 | Found Tewevu's Book Emporium.
 23666 | Depths:1 | Noticed the Enchantress
 23667 | Depths:1 | Killed the Enchantress
 23913 | Depths:1 | Reached XP level 22. HP: 113/133 MP: 30/35
 23971 | Depths:1 | Reached skill level 15 in Shapeshifting
 23992 | Depths:1 | Noticed a juggernaut
 24008 | Depths:1 | Killed a juggernaut
 24077 | Depths:1 | Noticed a caustic shrike
 24077 | Depths:1 | Noticed a caustic shrike
 24077 | Depths:1 | Noticed a caustic shrike
 24077 | Depths:1 | Noticed a caustic shrike
 24077 | Depths:1 | Noticed a caustic shrike
 24079 | Depths:1 | Killed a caustic shrike
 24083 | Depths:1 | Killed a caustic shrike
 24356 | Depths:2 | Noticed Norris
 24361 | Depths:2 | Killed Norris
 24511 | Depths:2 | Found a one-way gate leading to the halls of Pandemonium.
 24538 | Pan      | Entered Pandemonium
 24704 | Pan      | Noticed Kariacob the pandemonium lord
 24709 | Pan      | Lost mutation: Your spells are a little harder to cast, but
                  | a little more powerful. [a neqoxec]
 24711 | Pan      | Killed Kariacob the pandemonium lord
 24715 | Pan      | Noticed Mennas
 24716 | Pan      | Reached XP level 23. HP: 128/138 MP: 23/36
 24718 | Pan      | Killed Mennas
 24750 | Pan      | Found a runed translucent door.
 24764 | Pan      | Got a demonic rune of Zot
 24858 | Pan      | Found an exit through the horrors of the Abyss.
 24871 | Pan      | Took an exit into the Abyss.
 24871 | Abyss:1  | Escaped into the Abyss
 24872 | Abyss:1  | Found a corrupted altar of Lugonu.
 25109 | Abyss:3  | Found a corrupted altar of Lugonu.
 25356 | Abyss:3  | Found a corrupted altar of Lugonu.
 25389 | Abyss:3  | Reached skill level 21 in Fighting
 25446 | Abyss:5  | Found a corrupted altar of Lugonu.
 25518 | Abyss:5  | Got an abyssal rune of Zot
 25532 | Depths:2 | Escaped the Abyss
 25536 | Pan      | Entered the realm of Gloorx Vloq.
 25536 | Pan      | Entered Pandemonium
 25706 | Pan      | Noticed Gloorx Vloq
 25710 | Pan      | Killed Gloorx Vloq
 25724 | Pan      | Got a dark rune of Zot
 25920 | Pan      | Entered the realm of Cerebov.
 25929 | Pan      | Found the +6 sword of Cerebov {flame}
 25929 | Pan      | Noticed Cerebov
 25933 | Pan      | Reached XP level 24. HP: 62/147 MP: 36/36
 25949 | Pan      | Killed Cerebov
 25963 | Pan      | Got a fiery rune of Zot
 26037 | Pan      | Identified the ring "Lefeucw" {rElec MP+9 Str+3 Int-5}
 26042 | Pan      | Got the Anthology of Corpses
 26043 | Pan      | Identified the +4 morningstar of Freehold {heavy, rElec
                  | Int+5}
 26048 | Pan      | Reached skill level 22 in Fighting
 26055 | Pan      | Identified the +8 spear of the Tired Demons {pain, +Blink
                  | MP+9 Dex+2 Stlth+}
 26130 | Pan      | Identified the amulet of Aleaw {Reflect Slay+2 SH+5}
 26153 | Pan      | Identified the +3 short sword of Arbitration {freeze, Int+3
                  | Dex+3}
 26269 | Pan      | Entered the realm of Lom Lobon.
 26306 | Pan      | Found an exit through the horrors of the Abyss.
 26717 | Pan      | Noticed Lom Lobon
 26725 | Pan      | Killed Lom Lobon
 26741 | Pan      | Got a magical rune of Zot
 26840 | Pan      | Found an exit through the horrors of the Abyss.
 26936 | Pan      | Entered the realm of Mnoleg.
 27021 | Pan      | Noticed Mnoleg
 27027 | Pan      | Killed Mnoleg
 27031 | Pan      | Gained mutation: You occasionally lose the ability to drink
                  | potions when taking damage. [a neqoxec]
 27042 | Pan      | Gained mutation: You are clumsy. (Dex -2) [a neqoxec]
 27044 | Pan      | Gained mutation: Your muscles are strong. (Str +4, Int/Dex
                  | -1) [a neqoxec]
 27055 | Pan      | Identified the +0 leather armour of the Barber Surgeon
                  | {Str-3 Dex+3 Stlth+}
 27089 | Pan      | Reached skill level 23 in Fighting
 27161 | Pan      | Got a glowing rune of Zot
 27182 | Pan      | Identified the +1 robe of the Oni {rCorr Int+2 Dex+2}
 27338 | Pan      | Found an exit through the horrors of the Abyss.
 27354 | Pan      | Took an exit into the Abyss.
 27354 | Abyss:5  | Escaped into the Abyss
 27404 | Abyss:5  | Found a corrupted altar of Lugonu.
 27427 | Depths:2 | Escaped the Abyss
 27760 | Vaults:2 | Found Hamnead's Antique Weapon Emporium.
 27807 | Vaults:2 | Reached XP level 25. HP: 123/154 MP: 36/36
 28070 | Vaults:2 | Found a staircase to the Crypt.
 28089 | Crypt:1  | Entered Level 1 of the Crypt
 28096 | Crypt:1  | Found a magical portal.
 28113 | Crypt:1  | Noticed Margery
 28121 | Crypt:1  | Killed Margery
 28149 | Crypt:1  | Identified the ring "Ogoitade" {Ice Will+ Int+7 Dex+3
                  | Slay-6}
 28149 | Crypt:1  | Noticed Josephina
 28157 | Crypt:1  | Killed Josephina
 28225 | Crypt:3  | Entered Level 3 of the Crypt
 28524 | Crypt:3  | Found a staircase to the Tomb.
 28544 | Crypt:3  | Got the Incunable of Shadowy Blasts
 28545 | Crypt:3  | Identified the ring of Tewnesyo {Wiz rPois Will+ MP+9}
 28554 | Tomb:1   | Entered Level 1 of the Tomb of the Ancients
 28659 | Tomb:1   | Noticed a royal mummy
 28666 | Tomb:1   | Killed a royal mummy
 28721 | Tomb:1   | Lost mutation: You occasionally lose the ability to drink
                  | potions when taking damage. [potion of mutation]
 28721 | Tomb:1   | Lost mutation: Your body sometimes deteriorates upon taking
                  | damage. [potion of mutation]
 28721 | Tomb:1   | Lost mutation: Your flesh is cold resistant. (rC+) [potion
                  | of mutation]
 28721 | Tomb:1   | Lost mutation: You are clumsy. (Dex -2) [potion of
                  | mutation]
 28721 | Tomb:1   | Gained mutation: You are agile. (Dex +4, Str/Int -1)
                  | [potion of mutation]
 28721 | Tomb:1   | Gained mutation: Your skin changes colour to match your
                  | surroundings (Stealth+). [potion of mutation]
 28730 | Tomb:2   | Noticed a royal mummy
 28731 | Tomb:2   | Noticed a royal mummy
 28734 | Tomb:2   | Noticed a royal mummy
 28738 | Tomb:2   | Noticed a royal mummy
 28740 | Tomb:2   | Killed a royal mummy
 28741 | Tomb:2   | Killed a royal mummy
 28744 | Tomb:2   | Killed a royal mummy
 28759 | Tomb:2   | Killed a royal mummy
 28847 | Tomb:1   | Noticed a royal mummy
 28851 | Tomb:1   | Killed a royal mummy
 28852 | Tomb:1   | Reached XP level 26. HP: 159/159 MP: 36/36
 28860 | Tomb:1   | Noticed a royal mummy
 28861 | Tomb:1   | Noticed a royal mummy
 28863 | Tomb:1   | Killed a royal mummy
 28864 | Tomb:1   | Killed a royal mummy
 28930 | Tomb:1   | Noticed a royal mummy
 28930 | Tomb:1   | Noticed a royal mummy
 28930 | Tomb:1   | Noticed a royal mummy
 28934 | Tomb:1   | Noticed a royal mummy
 28934 | Tomb:1   | Noticed a royal mummy
 28946 | Tomb:1   | Killed a royal mummy
 28947 | Tomb:1   | Killed a royal mummy
 28947 | Tomb:1   | Killed a royal mummy
 28961 | Tomb:1   | Killed a royal mummy
 28965 | Tomb:1   | Killed a royal mummy
 28999 | Tomb:1   | Noticed a royal mummy
 29002 | Tomb:1   | Noticed a royal mummy
 29009 | Tomb:1   | Killed a royal mummy
 29010 | Tomb:1   | Killed a royal mummy
 29028 | Tomb:1   | Noticed a royal mummy
 29034 | Tomb:1   | Killed a royal mummy
 29063 | Tomb:1   | Noticed a royal mummy
 29067 | Tomb:1   | Noticed a royal mummy
 29069 | Tomb:1   | Killed a royal mummy
 29076 | Tomb:1   | Killed a royal mummy
 29077 | Tomb:1   | Noticed a royal mummy
 29084 | Tomb:1   | Killed a royal mummy
 29109 | Tomb:1   | Noticed a royal mummy
 29120 | Tomb:1   | Killed a royal mummy
 29121 | Tomb:1   | Noticed a royal mummy
 29127 | Tomb:1   | Killed a royal mummy
 29189 | Tomb:3   | Entered Level 3 of the Tomb of the Ancients
 29203 | Tomb:3   | Noticed a royal mummy
 29207 | Tomb:3   | Killed a royal mummy
 29208 | Tomb:3   | Noticed a royal mummy
 29213 | Tomb:3   | Killed a royal mummy
 29213 | Tomb:3   | Noticed a royal mummy
 29216 | Tomb:3   | Killed a royal mummy
 29219 | Tomb:3   | Noticed a royal mummy
 29222 | Tomb:3   | Killed a royal mummy
 29223 | Tomb:3   | Reached skill level 15 in Dodging
 29228 | Tomb:3   | Noticed a royal mummy
 29235 | Tomb:3   | Killed a royal mummy
 29242 | Tomb:3   | Identified the ring of Duextao {rElec rC+ MP+9}
 29245 | Tomb:3   | Reached skill level 1 in Evocations
 29261 | Tomb:3   | Noticed a royal mummy
 29261 | Tomb:3   | Noticed a royal mummy
 29262 | Tomb:3   | Noticed a royal mummy
 29264 | Tomb:3   | Killed a royal mummy
 29266 | Tomb:3   | Killed a royal mummy
 29267 | Tomb:3   | Noticed a royal mummy
 29268 | Tomb:3   | Killed a royal mummy
 29272 | Tomb:3   | Killed a royal mummy
 29281 | Tomb:3   | Got Sif Muna's Directory of Mutated Misfortune
 29291 | Tomb:3   | Reached XP level 27. HP: 164/164 MP: 36/36
 29396 | Tomb:3   | Got a golden rune of Zot
 30172 | Hell     | Entered the Vestibule of Hell
 30172 | Hell     | Noticed Geryon
 30180 | Hell     | Killed Geryon
 30220 | Hell     | Reached skill level 5 in Evocations
 30222 | Hell     | Found a gateway to the freezing wastes of Cocytus.
 30237 | Coc:1    | Entered Level 1 of Cocytus
 30438 | Coc:2    | Paralysed by a wendigo for 1 turns
 30456 | Coc:4    | Noticed an ancient lich
 30463 | Coc:4    | Killed an ancient lich
 30513 | Coc:7    | Entered Level 7 of Cocytus
 30530 | Coc:7    | Reached skill level 24 in Fighting
 30577 | Coc:7    | Noticed Antaeus
 30593 | Coc:7    | Killed Antaeus
 30606 | Coc:7    | Got an icy rune of Zot
 30607 | Coc:7    | Identified the +4 short sword of Righteous Fury {elec,
                  | rElec rPois rC+}
 30779 | Hell     | Found a gateway to the decaying netherworld of Tartarus.
 30788 | Tar:1    | Entered Level 1 of Tartarus
 30884 | Tar:2    | Reached skill level 10 in Evocations
 31077 | Tar:5    | Reached skill level 15 in Armour
 31137 | Tar:7    | Entered Level 7 of Tartarus
 31205 | Tar:7    | Noticed Ereshkigal
 31210 | Tar:7    | Killed Ereshkigal
 31212 | Tar:7    | Reached skill level 25 in Fighting
 31243 | Tar:7    | Got a bone rune of Zot
 31363 | Hell     | Found a gateway to the ashen valley of Gehenna.
 31375 | Geh:1    | Entered Level 1 of Gehenna
 31441 | Geh:3    | Reached skill level 26 in Fighting
 31737 | Geh:7    | Entered Level 7 of Gehenna
 31819 | Geh:7    | Reached skill level 27 in Fighting
 31823 | Geh:7    | Found the +13 sceptre of Asmodeus
 31823 | Geh:7    | Noticed Asmodeus
 31833 | Geh:7    | Killed Asmodeus
 31888 | Geh:7    | Got an obsidian rune of Zot
 31994 | Hell     | Found a gateway to the Iron City of Dis.
 32004 | Dis:1    | Entered Level 1 of the Iron City of Dis
 32011 | Dis:1    | Reached skill level 1 in Stealth
 32013 | Dis:1    | You are sucked into a shaft and drop 1 floor!
 32076 | Dis:3    | Reached skill level 5 in Stealth
 32124 | Dis:3    | Reached skill level 10 in Stealth
 32221 | Dis:7    | Entered Level 7 of the Iron City of Dis
 32251 | Dis:7    | Reached skill level 15 in Stealth
 32379 | Dis:7    | Noticed the Serpent of Hell
 32395 | Dis:7    | Noticed an ancient lich
 32397 | Dis:7    | Killed an ancient lich
 32399 | Dis:7    | Killed the Serpent of Hell
 32502 | Dis:7    | Noticed a juggernaut
 32505 | Dis:7    | Killed a juggernaut
 32506 | Dis:7    | Noticed Dispater
 32525 | Dis:7    | Killed Dispater
 32542 | Dis:7    | Got an iron rune of Zot
 32559 | Dis:7    | Noticed a juggernaut
 32567 | Dis:7    | Killed a juggernaut
 32679 | Depths:4 | Entered Level 4 of the Depths
 32679 | Depths:4 | Found a one-way gateway to a ziggurat.
 32774 | Depths:4 | Found a snail-covered altar of Cheibriados.
 32813 | Depths:4 | Found a gate to the Realm of Zot.
 32873 | Zot:1    | Entered Level 1 of the Realm of Zot
 33000 | Zot:2    | Noticed Parghit
 33004 | Zot:2    | Killed Parghit
 33025 | Zot:2    | Noticed a juggernaut
 33025 | Zot:2    | a juggernaut changed into an acid blob
 33095 | Zot:4    | Found a transporter.
 33158 | Zot:5    | Entered Level 5 of the Realm of Zot
 33365 | Zot:5    | Noticed an ancient lich
 33368 | Zot:5    | Killed an ancient lich
 33377 | Zot:5    | Noticed an orb of fire
 33381 | Zot:5    | Killed an orb of fire
 33410 | Zot:5    | Got the Orb of Zot
 33424 | Zot:5    | Noticed an orb of fire
 33430 | Zot:5    | Killed an orb of fire
 33505 | Zot:5    | Noticed Caemmus the pandemonium lord
 33534 | Zot:4    | Noticed Binadadi the pandemonium lord
 33542 | Zot:4    | Killed Binadadi the pandemonium lord
 33623 | Zot:2    | Noticed Oleaweor the pandemonium lord
 34126 | Slime:1  | Entered Level 1 of the Pits of Slime
 34153 | Slime:3  | Paralysed by a formless jellyfish for 1 turns
 34171 | Slime:5  | Entered Level 5 of the Pits of Slime
 34189 | Slime:5  | Noticed Jikkis the pandemonium lord
 34192 | Slime:5  | Killed Jikkis the pandemonium lord
 34196 | Slime:5  | Noticed the Royal Jelly
 34202 | Slime:5  | Killed the Royal Jelly
 34225 | Slime:5  | Lost mutation: You are agile. (Dex +4, Str/Int -1) [a
                  | shining eye]
 34231 | Slime:5  | Got a slimy rune of Zot
 34589 | D:$      | Escaped with the Orb!

Illustrated notes

Levels and vault maps discovered:
D:1:      psy_arrival_radial01, layout_basic, kennysheep_flooded_box,
          roderic_malta_cross, kennysheep_doodads
D:2:      layout_rooms, serial_shops, nicolae_shop_peninsula, nicolae_titane
D:3:      layout_rooms, shapermc_ecumenical_altar_mp_vishouse,
          grunt_ministairs_15
D:4:      layout_loops_ring, grunt_dithmenos_smoke_and_mirrors,
          grunt_ministairs_14, uniq_crazy_yiuf_cottage, uniq_edmund
D:5:      layout_loops_ring, uniq_prince_ribbit1, uniq_blork_the_orc, uniq_ijyb
D:6:      layout_basic, lemuel_doored_altar, minmay_temple_entry_junction,
          enter_ossuary_3, uniq_jeremiah
D:7:      layout_basic, kennysheep_mini, lemuel_tele_altar,
          gammafunk_temple_overflow_statue, serial_shops, shop,
          minmay_misc_feat_tower
D:8:      layout_loops_corners, serial_shops, nicolae_shop_drivethru, shop,
          nicolae_shop_dealshenge
D:9:      layout_rooms, mainiacjoe_overflow_brackets, vehumet_statue
D:10:     minmay_sliced_demisemicircle, layout_irregular_city,
          hellmonk_lair_entry_icy, orc_david_3, uniq_snorg
D:11:     minmay_the_grid_triangle_9x9_line_8_mashed
          [minmay_the_grid_triangle_9x9_from_above,
          minmay_the_grid_triangle_9x9_windchime,
          minmay_the_grid_triangle_9x9_descending_squares,
          minmay_the_grid_triangle_9x9_flanged_cone,
          minmay_the_grid_triangle_9x9_longest,
          minmay_the_grid_triangle_9x9_intruding_spiral,
          minmay_the_grid_triangle_9x9_sprig,
          minmay_the_grid_triangle_9x9_prize_top_heavy], layout_stronghold
D:12:     layout_irregular_city, nicolae_transmutations_shop,
          nicolae_danse_macabre
D:13:     kennysheep_windowed_halls, layout_basic, grunt_vaults_entry_fortified,
          drop_trap, nemelex_diamond_rough_becter
D:14:     layout_basic, nicolae_gozag_zags_fifth_avenue,
          nicolae_figureground_pulse, uniq_agnes
D:15:     grunt_enter_depths_hoard, layout_basic, patterned_corridor,
          minmay_three_doors, uniq_roxanne
Temple:   dpeg_chambers_temple
Lair:1:   layout_misc_corridors
Lair:2:   statuecave_lemuel, layout_gridlike, uniq_gastronok
Lair:3:   layout_cave_pods, minmay_shoals_entry_centaurs,
          spider_nest_entry_rubble, chequers_serial_rivers_small_a,
          guppyfry_lair_drakes, lemuel_fruit_tree
Lair:4:   layout_cave_pods, st_stairs_10, serial_bayou_lake_a,
          grunt_megastairs_5
Lair:5:   evilmike_catoblepas_cave, layout_gridlike,
          nicolae_slime_entry_slimehenge, nicolae_quartered_pool_super
Shoals:1: layout_shoals, serial_shops, nicolae_shop_trees
Shoals:2: layout_shoals, portal_ice_cave_entry_pillars_2
Shoals:3: layout_shoals, nicolae_shoals_spectral_cove, uniq_nikola
Shoals:4: shoals_end_grunt_ice, layout_shoals
Spider:1: layout_spider_delve
Spider:2: layout_spider_delve
Spider:3: layout_spider_delve, hangedman_spider_tarantella_strand
Spider:4: johnstein_spider_rune_arachne_lair, hellmonk_motheaten_closet,
          uniq_arachne, uniq_aizul, uniq_bai_suzhen
Slime:1:  layout_caves
Slime:2:  layout_caves
Slime:3:  layout_caves, basic_altar, cheibrodos_slime_lost_civilization_4
Slime:4:  layout_caves
Slime:5:  slime_pit
Orc:1:    layout_diamond_mine
Orc:2:    st_orc_ogre_mass, layout_caves, serial_shops,
          nicolae_shop_window_shopping, nicolae_specific_store
Elf:1:    nicolae_elf_arrival_fired_up, layout_gridlike, basic_altar,
          hangedman_elf_represent, lemuel_upstairs_altar, uniq_louise
Elf:2:    elven_hall_of_blades_hangedman_original [nooodl_blade_entry_preview],
          layout_gridlike, serial_shops, nicolae_shop_gaudy_bauble
Elf:3:    grunt_elf_hall_asides, layout_geoelf_octagon, serial_shops, shop
Vaults:1: hangedman_vaults_nodes, hangedman_vaults_trim, v_misc_5,
          vaults_dpeg_ring, vaults_room_pools, nicolae_vaults_big_angled_halls,
          layout_vaults_big_room, serial_shops, shop, uniq_donald
Vaults:2: vaults_mumra_minichess_inversion, nicolae_vaults_circle_grid_a,
          nicolae_vaults_storage_closets_2, v_misc_8,
          minmay_crypt_entry_simple_sparse, nicolae_vaults_ring_of_whatevers,
          nicolae_vaults_spaceships, serial_ice_m, ontoclasm_vaults_chip,
          layout_vaults_omnigrid, serial_shops, shop
Vaults:3: nicolae_vaults_layer_cake_slice, nicolae_vaults_yaktaur_gun_rack,
          vaults_mumra_minichess, ontoclasm_vaults_bender, v_misc_17,
          nicolae_vaults_network_star, nicolae_vaults_network_square,
          nicolae_vaults_statue_guard, vaults_standard_mumra_x,
          ontoclasm_vaults_ring_small, ontoclasm_vaults_shuriken,
          nicolae_vaults_weapon_check, vaults_room_hallway,
          nicolae_vaults_two_Ls, layout_vaults_ring
Vaults:4: nicolae_vaults_closet_pinwheel_1, hangedman_vaults_pinch,
          hangedman_vaults_slither, hangedman_vaults_snaps,
          nicolae_vaults_lightning_bolt, nicolae_vaults_tetromino_L_2,
          v_alt_pattern_2, nicolae_vaults_little_squares_5, v_misc_32,
          vaults_dpeg_encased_lava, nicolae_vaults_tetromino_Z_1,
          layout_vaults_omnibox, uniq_frederick
Vaults:5
Crypt:1:  layout_basic, infiniplex_enter_wizlab_glasses, uniq_margery,
          uniq_josephina
Crypt:2:  layout_gridlike, amcnicky_mini_corridor_feature,
          ebering_dispersal_statue_hall
Crypt:3:  quadcrypt_mu, uniq_grunn, uniq_jory
Tomb:1
Tomb:2:   uniq_khufu
Tomb:3
Depths:1: grunt_bent_corner, layout_cave_shapes, hangedman_abyss_entry_splay,
          serial_shops, shop_fountains, hangedman_coc_ice_floe, grunt_decor_cap,
          chequers_serial_rivers_large_b, drop_trap, minmay_gold_behind_fungi,
          minmay_misc_feat_hallway, nrook_mini_vaults, grunt_ministairs_2,
          hangedman_aviary, uniq_asterion, uniq_enchantress, uniq_mara
Depths:2: hangedman_pleasuredromes, pan_entry, hell_entry, uniq_norris
Depths:3: minmay_swirls_squares, layout_basic, hangedman_tar_grid_catacomb,
          abyss_entry_glasseish, good_gods_temple_1, serial_bayou_pond_d
Depths:4: evilmike_zot_entry_round, layout_twisted_cross, enter_ziggurat_c,
          nicolae_hell_entry_hellmouth_sunbeams, cheibriados_altar_1,
          hangedman_decor_diamond_cutter, chequers_decorated_corner,
          grunt_qazlal_sundering, uniq_sojobo
Hell
Dis:1:    layout_overlapping_boxes
Dis:2:    layout_overlapping_boxes, glass_columns_c,
          nicolae_dis_metal_lava_thing
Dis:3:    layout_gridville
Dis:4:    layout_gridville
Dis:5:    layout_jigsaw, nicolae_dis_scattering
Dis:6:    layout_gridville, nicolae_dis_emergency_hatch
Dis:7:    dis_hangedman
Geh:1:    layout_gehenna_lava_caves
Geh:2:    layout_gehenna_pools_basic
Geh:3:    layout_gehenna_lava_caves
Geh:4:    layout_gehenna_pools_triple, nicolae_geh_single_fiery_grave,
          nicolae_geh_isolated_escape
Geh:5:    layout_gehenna_lava_caves, lemuel_flamethrower_3
Geh:6:    layout_gehenna_pools_basic
Geh:7:    geh_grunt_pentagon
Coc:1:    layout_cocytus_delve
Coc:2:    layout_ice_bergs
Coc:3:    layout_ice_bergs, nicolae_coc_statues_of_limitations
Coc:4:    layout_cocytus_delve, nicolae_coc_melting_block
Coc:5:    layout_cocytus_water_paths
Coc:6:    layout_cocytus_delve
Coc:7:    coc_mu
Tar:1:    layout_catacombs
Tar:2:    layout_catacombs, nicolae_hells_hurtin_island
Tar:3:    layout_catacombs
Tar:4:    layout_grid_maze, nicolae_tar_cuneiform_two
Tar:5:    layout_grid_maze, nicolae_hells_seeping_fissure
Tar:6:    layout_grid_maze
Tar:7:    tar_grunt_cathedral
Zot:1:    layout_gridlike, guppyfry_library_mini
Zot:2:    layout_basic, hellmonk_formless_pools, grunt_megastairs_4,
          uniq_parghit
Zot:3:    layout_concentric_octagons, uniq_vv
Zot:4:    gammafunk_dig_for_victory, layout_onion_interference
Zot:5:    layout_gridlike

Skill      XL: |  1  2  3  4  5  6  7  8  9 10 11 12 13 14 15 16 17 18 19 20 21 22 23 24 25 26 27 |
---------------+----------------------------------------------------------------------------------+-----
Fighting       | 1 2 3 4 5 7 8 10 11 12 13 14 16 17 19 20 21 23 27 | 27.0
Unarmed Combat | 4 5 7 8 9 11 12 13 15 16 | 16.8
Shapeshifting  | 4 5 6 8 10 14 17 19 21 23 | 23.0
Dodging        | 4 6 7 9 10 11 16 21 | 21.9
Armour         | 1 4 7 9 10 11 14 17 | 17.7
Short Blades   | 4 9 11 13 14 | 14.0
Spellcasting   | 2 7 8 |  8.1
Transmutations | 2 7 8 |  8.0
Evocations     | 3 13 | 13.9
Stealth        | 20 | 20.1

Action                     |  1- 3 |  4- 6 |  7- 9 | 10-12 | 13-15 | 16-18 | 19-21 | 22-24 | 25-27 || total
---------------------------+-------+-------+-------+-------+-------+-------+-------+-------+-------++-------
  Melee: Unarmed           |    75 |   121 |   332 |   692 |  1264 |   780 |       |       |       ||  3264
         Bite              |    13 |    26 |   133 |   243 |   493 |   604 |  1042 |  1126 |  3975 ||  7655
         Punch             |     3 |     5 |     3 |       |       |       |       |       |       ||    11
         Pair of quick bla |       |       |       |       |       |  1018 |  3455 |  3846 | 11882 || 20201
  Throw: Dart              |       |       |       |       |       |       |       |     1 |     1 ||     2
         Throwing net      |       |       |       |       |       |       |       |     1 |       ||     1
   Cast: Wereblood         |       |       |       |       |       |       |    19 |    39 |     2 ||    60
 Invoke: Serpent's Lash    |       |       |       |     1 |     7 |    11 |     4 |     8 |    29 ||    60
         Heavenly Storm    |       |       |       |       |     1 |     5 |     4 |     7 |    12 ||    29
Ability: Lunge             |       |       |     7 |    34 |    68 |    96 |    91 |   105 |   227 ||   628
         Whirlwind         |       |       |       |   352 |   793 |   661 |   478 |   544 |  1809 ||  4637
         Wall Jump         |       |       |       |     1 |     3 |     1 |     1 |       |       ||     6
  Evoke: Wand              |       |       |    19 |     3 |       |     5 |       |     2 |     7 ||    36
         Condenser vane    |       |       |       |     1 |       |       |       |       |       ||     1
         Phantom mirror    |       |       |       |       |       |       |       |     1 |     1 ||     2
    Use: Scroll            |       |    10 |    10 |     8 |     2 |     4 |     4 |     6 |     8 ||    52
         Potion            |       |     1 |     1 |       |     2 |     3 |     2 |     5 |     7 ||    21
   Stab: Confused          |       |       |       |     4 |       |       |       |       |       ||     4
         Petrified         |       |       |       |       |    20 |       |       |       |       ||    20
         Sleeping          |       |       |       |       |       |     1 |     1 |     2 |    27 ||    31
         Held in net/web   |       |       |       |       |       |       |       |     3 |       ||     3
         Distracted        |       |       |       |       |       |       |       |     5 |     3 ||     8
 Armour: Animal skin       |     7 |       |       |       |       |       |       |       |       ||     7
         Chain mail        |    16 |    39 |    34 |   258 |   549 |   179 |   221 |       |       ||  1296
         Skin              |       |     3 |       |       |       |       |     1 |       |       ||     4
         Leather armour    |       |       |    62 |       |       |    61 |       |       |       ||   123
         Acid dragon scale |       |       |       |       |       |       |    14 |   258 |   349 ||   621
  Dodge: Dodged            |    36 |    31 |   119 |   229 |   480 |   589 |   289 |   443 |  1784 ||  4000
         Repelled          |       |       |       |       |     6 |     3 |       |       |       ||     9
  Block: Other             |       |    19 |    53 |    94 |   212 |   113 |       |       |       ||   491
         Reflection        |       |       |     3 |     4 |     7 |     6 |       |       |       ||    20
         Form:             |     1 |       |       |       |       |     1 |       |     1 |     2 ||     5
         Flux              |       |       |     1 |       |       |       |       |       |       ||     1
         Death             |       |       |       |       |       |       |       |     2 |     1 ||     3

Table legend: (Time is in decaauts)
 A = Elapsed time spent in this place.
 B = Non-inter-level travel time spent in this place.
 C = Inter-level travel time spent in this place.
 D = Time resting spent in this place.
 E = Time spent auto-exploring this place.
 F = Levels seen in this place.
 G = Mean time per level.
                   A        B        C        D        E       F      G
               +--------+--------+--------+--------+--------+-----+--------+
         Total |  35493 |  31976 |   3517 |    377 |  15234 | 109 |  325.6 |
       Dungeon |  11920 |  10167 |   1753 |    105 |   7507 |  15 |  794.7 |
        Temple |     26 |     14 |     12 |      0 |      0 |   1 |   26.0 |
          Lair |   5586 |   5033 |    553 |     71 |   3787 |   5 | 1117.2 |
        Shoals |   2553 |   2392 |    161 |      0 |   1258 |   4 |  638.2 |
   Spider Nest |    775 |    729 |     46 |     50 |      0 |   4 |  193.8 |
    Slime Pits |    158 |    158 |      0 |      0 |      0 |   5 |   31.6 |
  Orcish Mines |    905 |    806 |     99 |      0 |    623 |   2 |  452.5 |
   Elven Halls |   1429 |   1328 |    101 |      0 |    817 |   3 |  476.3 |
        Vaults |   2330 |   2056 |    274 |      0 |    397 |   5 |  466.0 |
         Crypt |    671 |    472 |    199 |      0 |      0 |   3 |  223.7 |
          Tomb |   1172 |   1042 |    130 |      0 |      0 |   3 |  390.7 |
        Depths |   1329 |   1208 |    121 |     51 |    218 |   4 |  332.2 |
          Hell |    275 |    274 |      1 |      0 |      0 |   1 |  275.0 |
           Dis |    609 |    596 |     13 |      0 |      0 |   7 |   87.0 |
       Gehenna |    588 |    588 |      0 |      0 |      0 |   7 |   84.0 |
       Cocytus |    451 |    451 |      0 |      0 |     88 |   7 |   64.4 |
      Tartarus |    522 |    473 |     49 |      0 |     47 |   7 |   74.6 |
           Zot |    786 |    786 |      0 |      0 |      0 |   5 |  157.2 |
         Abyss |    719 |    719 |      0 |      0 |    246 |   6 |  119.8 |
   Pandemonium |   2106 |   2106 |      0 |      0 |      0 |  13 |  162.0 |
       Ossuary |    534 |    534 |      0 |    100 |    245 |   1 |  534.0 |
      Ice Cave |     37 |     37 |      0 |      0 |      0 |   1 |   37.0 |
               +--------+--------+--------+--------+--------+-----+--------+

Top non-repeatable levels by time:
  Lair:5: 1363 daAuts
    D:10: 1155 daAuts
  Lair:4: 1138 daAuts
  Lair:3: 1113 daAuts
  Lair:2: 1016 daAuts
     D:8: 990 daAuts
    D:11: 957 daAuts
     D:5: 956 daAuts
  Lair:1: 954 daAuts
Shoals:1: 946 daAuts
     D:1: 901 daAuts
     D:4: 868 daAuts
    D:13: 863 daAuts
Vaults:5: 825 daAuts
     D:7: 799 daAuts
